 Dungeon Crawl Stone Soup version 0.32-a0-675-gdc239d62e1 (console) character file.

Game seed: 1739694575120488603

2161448 elliptic the Conqueror (level 27, 249/249 HPs)
             Began as a Coglin Wanderer on Mar 11, 2024.
             Was the Champion of Okawaru.
             Escaped with the Orb
             ... and 3 runes
             ... and 1 gem on Mar 12, 2024!
             The game lasted 03:27:36 (46963 turns).

elliptic the Conqueror (Coglin Wanderer)           Turns: 46963, Time: 03:27:37

Health: 249/249    AC: 45    Str: 18    XL:     27
Magic:  30/30      EV: 47    Int: 11    God:    Okawaru [******]
Gold:   189        SH:  0    Dex: 38    Spells: 26/26 levels left

rFire   + . .        a - +6 hand cannon of Baunuw {heavy, Str+5}
rCold   + . .        b - +7 hand cannon (heavy) {Ahumratum}
rNeg    + . .        d - +26 Cigotuvi's embrace {Corpsefed rMiasma ^Drain rN+, nodragon}
rPois   .            E - +2 hat of the Bear Spirit {Spirit, Bear, *Rage Will++}
rElec   .            P - +2 cloak
rCorr   .            V - +2 pair of gloves of Upezxik {rF+ Str+2}
SInv    .            w - +2 pair of boots of Nemelex Xobeh's Regard {Dex+4}
Will    ++++.        (amulet unavailable)
Stlth   +            (ring unavailable)
HPRegen 1.41/turn    (ring unavailable)
MPRegen 0.62/turn    u
                       - N-80 gyrocapacitor {rC+ Regen+ RegenMP+ Slay+3}

%: random rage (20%), guardian spirit
@: no status effects
A: off-hand wielding, slow wielding, warmup strikes, no jewellery, agile 1,
clever 1, low MP 1, subdued magic 2, persistent drain
0: Orb of Zot
}: 3/15 runes: barnacled, silver, gossamer
a: Renounce Religion, Heroism, Finesse, Duel


You escaped.
You worshipped Okawaru.
Okawaru was exalted by your worship.
You visited 11 branches of the dungeon, and saw 51 of its levels.
You also visited: Sewer, Gauntlet, Ice Cave and Desolation.

You collected 7891 gold pieces.
You spent 7702 gold pieces at shops.


Innate Abilities, Weirdness & Mutations

You can wield a second weapon in your off-hand.
It takes a long time for you to wield or remove held weapons.
Your first few attacks do less damage.
You cannot equip rings or amulets.
You are agile. (Dex +4, Str/Int -1)
Your mind is acute. (Int +4, Str/Dex -1)
Your magical capacity is low. (-10% MP)
Your spells are easier to cast, but less powerful.
Your health recovers twice as slowly from being drained.


   Skills:
 O Level 27 Fighting
 - Level 20.8 Ranged Weapons
 - Level 20.8 Armour
 + Level 24.6 Dodging
 - Level 15.0 Invocations
 - Level 8.8 Evocations


You had 26 spell levels left.
You didn't know any spells.
Your spell library contained the following spells:

 Spells                   Type           Power      Damage    Failure   Level
 Apportation              Tloc           0%         N/A       28%         1
 Freeze                   Ice            0%         1d3       28%         1
 Kiss of Death            Conj/Necr      0%         2d5       28%         1
 Magic Dart               Conj           0%         1d3       28%         1
 Necrotise                Necr           0%         1d4       28%         1
 Sting                    Conj/Alch      0%         1d3       28%         1
 Blink                    Tloc           0%         N/A       43%         2
 Cigotuvi's Dreadful Rot  Necr/Alch/Air  0%         N/A       43%         2
 Ensorcelled Hibernation  Hex/Ice        0%         N/A       43%         2
 Jinxbite                 Hex            0%         N/A       43%         2
 Lesser Beckoning         Tloc           0%         N/A       43%         2
 Mercury Vapours          Alch/Air       0%         N/A       43%         2
 Momentum Strike          Conj/Tloc      0%         3d8       43%         2
 Scorch                   Fire           0%         2d5       43%         2
 Searing Ray              Conj           0%         2d4       43%         2
 Static Discharge         Conj/Air       0%         3-3/arc   43%         2
 Confusing Touch          Hex            0%         N/A       67%         3
 Dazzling Flash           Conj/Hex       0%         N/A       67%         3
 Frozen Ramparts          Ice            0%         1d1       67%         3
 Fugue of the Fallen      Necr           0%         N/A       67%         3
 Gell's Gravitas          Tloc           0%         N/A       67%         3
 Hailstorm                Conj/Ice       0%         3d5       67%         3
 Inner Flame              Hex/Fire       0%         N/A       67%         3
 Mephitic Cloud           Conj/Alch/Air  0%         N/A       67%         3
 Ozocubu's Armour         Ice            0%         N/A       67%         3
 Sigil of Binding         Hex            0%         N/A       67%         3
 Teleport Other           Tloc           0%         N/A       67%         3
 Vampiric Draining        Necr           0%         2d6       67%         3
 Volatile Blastmotes      Fire/Tloc      0%         2d10      67%         3
 Anguish                  Hex/Necr       0%         N/A       97%         4
 Brom's Barrelling Bould  Conj/Erth      0%         2d3       97%         4
 Cause Fear               Hex            0%         N/A       97%         4
 Dimensional Bullseye     Hex/Tloc       0%         N/A       97%         4
 Dispel Undead            Necr           0%         3d6       97%         4
 Flame Wave               Conj/Fire      0%         2d4       97%         4
 Fulminant Prism          Conj/Alch      0%         3d5       97%         4
 Ignite Poison            Fire/Alch      0%         N/A       97%         4
 Iskenderun's Mystic Bla  Conj/Tloc      0%         2d3       97%         4
 Manifold Assault         Tloc           0%         N/A       97%         4
 Passage of Golubria      Tloc           0%         N/A       97%         4
 Petrify                  Alch/Erth      0%         N/A       97%         4
 Sticky Flame             Fire/Alch      0%         2d4       97%         4
 Alistair's Intoxication  Alch           0%         N/A       100%        5
 Borgnjor's Vile Clutch   Necr/Erth      0%         N/A       100%        5
 Curse of Agony           Necr           0%         N/A       100%        5
 Fireball                 Conj/Fire      0%         3d3       100%        5
 Freezing Cloud           Conj/Ice/Air   0%         6-21      100%        5
 Irradiate                Conj/Alch      0%         3d11      100%        5
 Iskenderun's Battlesphe  Conj           0%         2d6       100%        5
 Lee's Rapid Deconstruct  Erth           0%         3d4*      100%        5
 Silence                  Hex/Air        0%         N/A       100%        5
 Bombard                  Conj/Erth      0%         9d1       100%        6
 Conjure Ball Lightning   Conj/Air       0%         3x3d6     100%        6
 Dispersal                Tloc           0%         N/A       100%        6
 Enfeeble                 Hex            0%         N/A       100%        7
 Orb of Destruction       Conj           0%         9d5       100%        7
 Borgnjor's Revivificati  Necr           0%         N/A       100%        8
 Discord                  Hex            0%         N/A       100%        8
 Disjunction              Tloc           0%         N/A       100%        8
 Ignition                 Fire           0%         3d3       100%        8
 Lehudib's Crystal Spear  Conj/Erth      0%         10d2      100%        8
 Chain Lightning          Conj/Air       0%         N/A       100%        9
 Summon Small Mammal      Summ           Unusable   N/A       N/A         1
 Call Imp                 Summ           Unusable   N/A       N/A         2
 Call Canine Familiar     Summ           Unusable   N/A       N/A         3
 Tukima's Dance           Hex            Unusable   N/A       N/A         3
 Animate Dead             Necr           Unusable   N/A       N/A         4
 Martyr's Knell           Necr/Summ      Unusable   N/A       N/A         4
 Summon Blazeheart Golem  Fire/Summ      Unusable   N/A       N/A         4
 Death Channel            Necr           Unusable   N/A       N/A         6
 Summon Cactus Giant      Summ           Unusable   N/A       N/A         6
 Spellforged Servitor     Conj/Summ      Unusable   N/A       N/A         7
 Summon Horrible Things   Summ           Unusable   N/A       N/A         8

Inventory:

Hand Weapons
 a - the +6 hand cannon of Baunuw (weapon) {heavy, Str+5}
   (You acquired it on level 5 of the Realm of Zot)

   Str+5:     It affects your strength (+5).
 b - a +7 heavy hand cannon (offhand) {Ahumratum}
Missiles
 o - 8 throwing nets
 K - 11 curare-tipped darts
Armour
 d - the +26 Cigotuvi's embrace (worn) {Corpsefed rMiasma ^Drain rN+, nodragon}
   (You bought it in a shop on level 4 of the Vaults)

   Corpsefed: It gathers nearby corpses to temporarily increase the armour it
   provides.
   rMiasma:   It protects you from foul pestilence.
   rN+:       It protects you from negative energy.
   ^Drain:    It drains your maximum health when unequipped.
 j - a +3 troll leather armour {Pargi}
 w - the +2 pair of boots of Nemelex Xobeh's Regard (worn) {Dex+4}
   (You acquired it on level 4 of the Depths)

   Dex+4:     It affects your dexterity (+4).
 z - the +1 hat of Generosity {^Contam rF+ Str+5}
   (Okawaru gifted it to you on level 3 of the Lair of Beasts)

   Str+5:     It affects your strength (+5).
   rF+:       It protects you from fire.
   ^Contam:   It causes magical contamination when unequipped.
 B - the +0 chain mail "Giagiff" {rF+}
   (You found it on level 3 of the Crypt)

   rF+:       It protects you from fire.
 D - the +2 helmet "Emmon" {Rampage rPois}
   (You found it in a Gauntlet)

   rPois:     It protects you from poison.
   Rampage:   It bestows one free step when moving towards enemies.
 E - the +2 hat of the Bear Spirit (worn) {Spirit, Bear, *Rage Will++}
   (You acquired it on level 2 of the Shoals)

   Bear:      Going berserk makes the wearer exceptionally tough, and they are
   slowed for a shorter time afterward.
   Will++:    It greatly increases your willpower.
   *Rage:     It berserks you when you make melee attacks (+20% chance).
 J - a +2 robe of resistance
 P - a +2 cloak (worn)
 S - the +0 robe of Fortification {rC+ MP+9 Dex+5 Archmagi}
   (You found it on level 4 of the Spider Nest)

   Dex+5:     It affects your dexterity (+5).
   rC+:       It protects you from cold.
   MP+9:      It affects your magic capacity (+9).
   Archmagi:  It increases the power of your magical spells.
 U - a scarf of resistance
 V - the +2 pair of gloves of Upezxik (worn) {rF+ Str+2}
   (You found it on level 4 of the Spider Nest)

   Str+2:     It affects your strength (+2).
   rF+:       It protects you from fire.
Gizmo
 u - a N-80 gyrocapacitor (installed) {rC+ Regen+ RegenMP+ Slay+3}
   (You invented it yourself on level 4 of the Lair of Beasts)

   [N-80 gyrocapacitor]

   Slay+3:    It affects your accuracy & damage with ranged weapons and melee
   (+3).
   rC+:       It protects you from cold.
   Regen+:    It increases your rate of health regeneration.
   RegenMP+:  It increases your rate of magic regeneration.
Wands
 p - a wand of mindburst (23)
 s - a wand of polymorph (55)
 v - a wand of digging (24)
 x - a wand of flame (146)
 y - a wand of warping (36)
 L - a wand of quicksilver (20)
Scrolls
 c - 13 scrolls of fog
 e - 6 scrolls of silence {!r}
 f - 6 scrolls of blinking
 h - 5 scrolls of poison
 n - 23 scrolls of teleportation
 H - 9 scrolls of fear
 Q - 11 scrolls of vulnerability
 R - 6 scrolls of enchant armour
Potions
 g - 17 potions of heal wounds
 i - 6 potions of cancellation
 k - 5 potions of invisibility
 l - 6 potions of enlightenment
 m - 10 potions of resistance
 q - 8 potions of haste
 t - 12 potions of brilliance
 A - 26 potions of curing
 C - 4 potions of magic
 F - 5 potions of might
 G - 4 potions of berserk rage {!q}
 N - 6 potions of mutation {!q}
 T - 6 potions of ambrosia
Miscellaneous
 I - a phial of floods


Message History

(V) Vaults (C) Crypt (W) Tomb (U) Depths (H) Hell (Z) Zot
Where to? (Tab/Enter - D:1 @ (x,y), ? - help)
Your shell of carrion and bone grows thicker.
(D) Dungeon (T) Temple (L) Lair (A) Shoals (N) Spider Nest (M) Slime Pits (O) Orcish Mines (E) Elven Halls (V) Vaults (C) Crypt (W) Tomb (U) Depths (H) Hell (Z) Zot
Where to? (Tab/Enter - D:1 @ (x,y), ? - help)
Your shell of carrion and bone grows thicker.
(D) Dungeon (T) Temple (L) Lair (A) Shoals (N) Spider Nest (M) Slime Pits (O) Orcish Mines (E) Elven Halls (V) Vaults (C) Crypt (W) Tomb (U) Depths (H) Hell (Z) Zot
Where to? (Tab/Enter - D:1 @ (x,y), ? - help)
A chunk of your corpse armour falls away.
Your shell of carrion and bone grows thicker.
(D) Dungeon (T) Temple (L) Lair (A) Shoals (N) Spider Nest (M) Slime Pits (O) Orcish Mines (E) Elven Halls (V) Vaults (C) Crypt (W) Tomb (U) Depths (H) Hell (Z) Zot
Where to? (Tab/Enter - D:1 @ (x,y), ? - help)
A chunk of your corpse armour falls away.
Your shell of carrion and bone grows thicker.
Your extra speed is starting to run out.
(D) Dungeon (T) Temple (L) Lair (A) Shoals (N) Spider Nest (M) Slime Pits (O) Orcish Mines (E) Elven Halls (V) Vaults (C) Crypt (W) Tomb (U) Depths (H) Hell (Z) Zot
Where to? (Tab/Enter - D:1 @ (x,y), ? - help)
A chunk of your corpse armour falls away.
A neqoxec comes into view.
Blink to where?
Press: ? - help, Dir - move target
As you read the scroll of blinking, it crumbles to dust.
Blink to where?
Press: ? - help, Dir - move target
As you read the scroll of blinking, it crumbles to dust.
You feel yourself slow down.
You have escaped!

#.#####.##.##.##...#####.# #.
#......#...##.###.....##.####.
#########.#####.# #.............
#.........# #.# #(.#.......##.
##.######### #.# #.....##.#.##.
#..# #.# #.....##.#.###
#.################ ##..####.#.###
#.........¤....(.####..##........
#..¤3.##...##...@#...............
#................####..##.#######
################## #......# #.#
#......###### #.# #......(....#
#.##### #.......##..##
#.....######## #.......##....
##.#.........## ###.#...##.###
#...####..#..#######.#...##....


There were no monsters in sight!

Vanquished Creatures
  7 dread liches
  3 orbs of fire
  4 ancient liches
  A juggernaut (Depths:4)
  Xtahua (Vaults:4)
  7 Killer Klowns (Zot:5)
  3 curse toes
  A caustic shrike (Depths:4)
  Jory (Vaults:5)
  A bone dragon (Crypt:3)
  2 golden dragons
  Norris (Vaults:4)
  Arachne (Spider:4)
  A Tzitzimitl (Depths:1)
  3 doom hounds (Depths:3)
  An electric golem (Zot:5)
  10 tentacled monstrosities
  24 Orb Guardians
  5 liches
  Grunn (Depths:3)
  A deep elf blademaster (Elf:2)
  4 quicksilver dragons
  A walking crystal tome (Depths:1)
  6 titans
  8 sphinxes
  A death cob (Zot:5)
  5 ancient champions
  A kraken (Shoals:3)
  The ghost of Mungiw the Peltast, an adept MiBe of Trog (Shoals:2)
  2 deep elf master archers (Elf:3)
  The ghost of Qinioff the Earth Mage, an adept GrEE of Gozag (Spider:3)
  Ilsuiw (Shoals:2)
  5 draconian monks
  7 tengu reavers
  10 storm dragons
  A protean progenitor (Zot:1)
  Aizul (Shoals:4)
  7 draconian knights
  Roxanne (Spider:4)
  6 shadow dragons
  2 revenants (Crypt:1)
  10 fire giants
  6 frost giants
  7 iron dragons
  6 draconian shifters
  A juggernaut zombie (Depths:4)
  5 deep elf elementalists
  14 vault wardens
  2 curse skulls
  12 ghost moths
  Louise (Shoals:2)
  2 emperor scorpions (Spider:4)
  10 deep elf sorcerers
  2 angels
  5 draconian scorchers (Zot:3)
  A ghoul (Crypt:3)
  3 imperial myrmidons (Desolation)
  2 reapers (Crypt:2)
  22 very ugly things
  3 draconian annihilators
  6 orc warlords
  A spriggan defender (Depths:4)
  6 broodmothers
  4 formless jellyfish
  A draconian stormcaller (Zot:5)
  19 ironbound preservers
  8 ironbound thunderhulks
  15 stone giants
  A caustic shrike skeleton (Depths:4)
  6 black draconians
  11 deep elf death magi
  6 deep elf demonologists
  13 vampire knights
  3 purple draconians
  7 green draconians
  3 war gargoyles (Vaults:5)
  A bunyip (Zot:1)
  A minotaur (Gauntlet)
  A spark wasp (shapeshifter) (Depths:4)
  13 deep elf annihilators
  3 white draconians
  20 dire elephants
  3 halazid warlocks (Desolation)
  7 spark wasps
  6 yellow draconians
  Snorg (Lair:5)
  14 red draconians
  4 merfolk javelineers
  An eidolon (Crypt:1)
  15 merfolk impalers
  5 ettins
  10 fire dragons
  10 jiangshi
  Josephine (Lair:3)
  3 crystal guardians
  13 deep elf high priests
  A quicksilver dragon zombie (Crypt:2)
  3 rakshasas (Depths:4)
  6 hydras
  12 yaktaur captains
  38 vault guards
  8 ragged hierophants (Desolation)
  10 ice dragons
  4 entropy weavers
  10 great orbs of eyes
  6 servants of whispers (Desolation)
  2 merfolk avatars
  A hell beast (D:3)
  A fenstrider witch skeleton (Crypt:3)
  Erica (D:11)
  A ghost crab (Crypt:3)
  6 peacekeepers
  13 two-headed ogres
  9 centaur warriors
  9 ironbound frosthearts
  A catoblepas (Lair:5)
  4 spriggan air magi
  7 ogre magi
  4 alligator snapping turtles
  A death knight (Crypt:1)
  34 dancing weapons
  4 merfolk aquamancers
  A sphinx skeleton (D:15)
  2 radroaches
  8 vampire magi
  7 boulder beetles
  A two-headed ogre (shapeshifter) (Depths:2)
  A satyr (Shoals:3)
  5 deep troll earth magi
  6 deep troll shamans
  12 tengu warriors
  10 demonic crawlers
  3 death yaks (Lair:5)
  3 occultists
  An orc high priest (Orc:1)
  10 spriggan berserkers
  The ghost of Esekla the Covert, a novice OpDe of Gozag (D:7)
  19 deep elf knights
  A storm dragon zombie (D:15)
  5 soul eaters
  5 spriggans
  A titan skeleton (Depths:1)
  Nergalle (Lair:2)
  22 skeletal warriors
  14 hell knights
  5 iron trolls
  A shadow wraith (Crypt:2)
  Lodul (D:11)
  A golden dragon zombie (Depths:1)
  A sea snake (shapeshifter) (Vaults:5)
  8 skysharks
  A spark wasp zombie (Crypt:2)
  A mana viper (shapeshifter) (Vaults:5)
  4 orb spiders
  51 deep trolls
  An orb spider (shapeshifter) (Vaults:5)
  13 sea snakes
  14 flayed ghosts
  3 pharaoh ants
  A swamp dragon (Lair:5)
  7 deep elf archers
  3 glowing orange brains
  7 steelbarb worms
  A deep troll (shapeshifter) (Depths:4)
  8 arcanists
  2 obsidian statues
  14 harpies
  25 ironbound convokers
  2 thermic dynamos (Elf:1)
  2 bunyip skeletons (Crypt:3)
  12 lindwurms
  2 sun moths
  8 phantasmal warriors
  2 bog bodies (Crypt:3)
  11 necromancers
  Pikel (D:5)
  19 deep elf zephyrmancers
  17 orc knights
  2 fauns (Shoals:1)
  3 oklob plants
  12 orc sorcerers
  An anaconda skeleton (Crypt:3)
  16 wolf spiders
  A jorogumo skeleton (Crypt:3)
  14 manticores
  41 ugly things
  20 deep elf pyromancers
  A goliath frog skeleton (Crypt:3)
  12 cyclopes
  An iron dragon skeleton (Crypt:2)
  7 merfolk sirens
  14 elephants
  23 moths of wrath
  9 meliai
  3 kobold blastminers (Orc:1)
  A dire elephant zombie (Crypt:1)
  11 water nymphs
  11 apocalypse crabs
  20 vault sentinels
  4 black mambas
  3 guardian serpents (Desolation)
  2 torpor snails (shapeshifter) (Vaults:5)
  4 gargoyles
  Maggie (Lair:1)
  8 torpor snails
  6 cane toads
  A dire elephant skeleton (Crypt:3)
  2 unseen horrors
  10 komodo dragons
  A kobold demonologist (D:9)
  10 rime drakes
  30 yaktaurs
  An ice devil (D:4)
  3 freezing wraiths
  2 efreet
  13 tengu conjurers
  A bloated husk (Crypt:3)
  4 guardian mummies (Crypt:3)
  A merfolk (shapeshifter) (Vaults:3)
  6 hornets
  26 tarantellas
  33 merfolk
  6 trolls
  An iron troll skeleton (Crypt:2)
  8 wind drakes
  49 saltlings (Desolation)
  2 polar bears
  A sun moth zombie (Crypt:3)
  A blink frog (shapeshifter) (Elf:3)
  15 dream sheep
  26 culicivoras
  A glass eye (shapeshifter) (Vaults:5)
  A dream sheep (shapeshifter) (Vaults:4)
  A blink frog (Lair:5)
  31 jumping spiders
  3 snapping turtles
  Sigmund (D:3)
  A spriggan (shapeshifter) (Elf:3)
  43 slime creatures
  7 wraiths
  10 air elementals
  A spriggan skeleton (Depths:1)
  A vampire (D:11)
  A wyvern (Lair:5)
  18 yaks
  38 water elementals
  8 shadows
  A wind drake skeleton (Crypt:1)
  19 fire elementals
  A human (D:11)
  7 basilisks
  A golden eye (D:9)
  The ghost of Esekla the Conjurer, an amateur MDWn (D:3)
  8 wargs
  51 redbacks
  A spriggan simulacrum (Depths:1)
  5 steam dragons
  8 vampire mosquitoes
  5 acid dragons
  A naga zombie (Crypt:3)
  16 water moccasins
  A water moccasin (shapeshifter) (D:15)
  A merfolk skeleton (Crypt:2)
  2 great orb of eyes simulacra (IceCv)
  2 deep troll skeletons
  30 orc warriors
  Pargi (Sewer)
  An ice beast (D:6)
  3 black bears
  2 sky beasts (D:5)
  10 wolves
  34 laughing skulls
  16 centaurs
  23 ogres
  A slime creature simulacrum (IceCv)
  A lemure (D:5)
  2 phantoms
  A brain worm (Sewer)
  4 kobold brigands
  A gnoll sergeant (D:8)
  2 glowing shapeshifter simulacra (IceCv)
  19 bullfrogs
  An elf zombie (Crypt:1)
  3 earth elementals
  A scorpion (Lair:1)
  A cyclops zombie (Crypt:2)
  A yaktaur skeleton (Crypt:3)
  An elf skeleton (Crypt:2)
  7 wights
  A water moccasin skeleton (D:3)
  11 killer bees
  8 howler monkeys
  A shapeshifter skeleton (Crypt:1)
  5 electric eels
  2 bombardier beetles
  A bullfrog zombie (Crypt:3)
  A centaur zombie (Crypt:3)
  5 hounds
  A gnoll bouda (D:9)
  22 orc priests
  2 sleepcaps
  A jelly (D:7)
  A black bear skeleton (Crypt:1)
  5 iguanas
  Natasha (twice) (D:3)
  35 orc wizards
  6 hell rats (Lair:1)
  A crocodile skeleton (Crypt:1)
  A hound zombie (D:3)
  A naga skeleton (Crypt:3)
  2 hound skeletons
  Robin (D:3)
  17 gnolls
  9 adders
  9 river rats (Lair:1)
  2 shadow imps
  3 white imps
  An adder zombie (D:3)
  3 dart slugs
  2 ribbon worms
  85 orcs
  A bat skeleton (Crypt:1)
  5 endoplasms
  4 giant cockroaches
  14 goblins
  13 hobgoblins
  10 jackals
  10 quokkas
  14 ball pythons
  A ball python zombie (D:3)
  3 bats
  9 frilled lizards
  18 kobolds
  An orc skeleton (Crypt:1)
  16 rats
  An aspiring flesh (Zot:1)
2424 creatures vanquished.

Vanquished Creatures (others)
  4 tentacles (Shoals:3)
4 creatures vanquished.

Grand Total: 2428 creatures vanquished

Notes
Turn   | Place    | Note
-------+----------+-------------------------------------------
     0 | D:1      | elliptic the Coglin Wanderer began the quest for the Orb.
     0 | D:1      | elliptic set off with the following items: a +3 sling
                  | {Tae}, a scroll of silence {!r}, a scroll of fog, a +0
                  | leather armour, a -2 sling {Mai}.
     0 | D:1      | Reached XP level 1. HP: 21/21 MP: 1/1
    80 | D:1      | Reached skill level 1 in Dodging
    85 | D:1      | Reached XP level 2. HP: 27/27 MP: 2/2
   350 | D:1      | Reached XP level 3. HP: 27/33 MP: 3/3
   882 | D:2      | ugh
  1064 | D:2      | Reached XP level 4. HP: 39/39 MP: 4/4
  1179 | D:2      | Found Tipein's Magic Scroll Emporium.
  1648 | D:3      | Found a hide-covered altar of Uskayaw.
  1664 | D:3      | Noticed Esekla's ghost (amateur MDWn)
  1669 | D:3      | Found a runed translucent door.
  1690 | D:3      | Noticed an orc warrior
  1809 | D:3      | rip sewer
  1827 | D:4      | why
  1830 | D:4      | hm
  1835 | D:4      | yay
  1843 | D:4      | oh
  1857 | D:4      | Noticed a steam dragon
  1866 | D:3      | hm
  1976 | D:3      | Noticed Sigmund
  1977 | D:3      | ...............
  1977 | D:3      | I might die here
  1977 | D:3      | guess I can try immo
  1982 | D:3      | Killed Sigmund
  1983 | D:3      | Reached skill level 6 in Ranged Weapons
  1983 | D:3      | Reached XP level 5. HP: 44/44 MP: 5/5
  1983 | D:3      | Reached XP level 6. HP: 51/51 MP: 6/6
  2031 | D:3      | Found a glowing drain.
  2035 | Sewer    | Entered a sewer
  2049 | Sewer    | Noticed Pargi
  2050 | Sewer    | hm
  2050 | Sewer    | well hopefully I win
  2060 | Sewer    | Killed Pargi
  2061 | Sewer    | Reached skill level 3 in Dodging
  2167 | Sewer    | why no ench
  2214 | Sewer    | okay
  2372 | D:2      | Bought 2 scrolls of identify for 44 gold pieces
  2374 | D:2      | Bought a scroll of identify for 22 gold pieces
  2376 | D:2      | Bought a scroll of identify for 22 gold pieces
  2377 | D:2      | okay
  2439 | D:3      | Reached XP level 7. HP: 56/56 MP: 7/7
  2549 | D:3      | Noticed Robin
  2552 | D:3      | Killed Robin
  2605 | D:3      | Found Lizoab's Magic Scroll Emporium.
  2696 | D:3      | Noticed Natasha
  2698 | D:3      | Killed Natasha
  2743 | D:3      | Noticed Natasha
  2746 | D:3      | Killed Natasha
  2841 | D:3      | Bought a scroll of teleportation for 42 gold pieces
  3186 | D:4      | Found an ancient bone altar of Kikubaaqudgha.
  3187 | D:4      | right
  3221 | D:4      | Killed a steam dragon
  3222 | D:4      | Reached XP level 8. HP: 62/62 MP: 8/8
  3859 | D:5      | Entered Level 5 of the Dungeon
  3873 | D:5      | Reached skill level 9 in Ranged Weapons
  3958 | D:5      | Reached skill level 6 in Fighting
  4101 | D:5      | okay
  4227 | D:5      | Reached skill level 1 in Evocations
  4305 | D:5      | Found a shimmering blue altar of Sif Muna.
  4312 | D:5      | Reached XP level 9. HP: 69/69 MP: 9/9
  4368 | D:5      | Noticed Pikel
  4377 | D:5      | Killed Pikel
  4595 | D:3      | Bought a scroll of blinking for 105 gold pieces
  4951 | D:6      | Reached skill level 6 in Evocations
  5327 | D:7      | Found a radiant altar of Vehumet.
  5414 | D:7      | Found a bloodstained altar of Trog.
  5452 | D:7      | Found a shadowy altar of Dithmenos.
  5525 | D:7      | Noticed a gargoyle
  5526 | D:7      | uh
  5526 | D:7      | Noticed a two-headed ogre
  5527 | D:7      | what
  5534 | D:7      | hm
  5567 | D:7      | Killed a two-headed ogre
  5568 | D:7      | Reached XP level 10. HP: 76/76 MP: 10/10
  5625 | D:7      | Killed a gargoyle
  5626 | D:7      | Reached skill level 6 in Dodging
  5805 | D:7      | Found Taun Fay's Weapon Emporium.
  5856 | D:7      | Found a runed translucent gate.
  5856 | D:7      | Found a runed translucent gate.
  5857 | D:7      | Noticed Esekla's ghost (novice OpDe)
  5858 | D:7      | Found a runed translucent gate.
  5863 | D:7      | Found a roughly hewn altar of Beogh.
  6021 | D:7      | Found a faded altar of an unknown god.
  6023 | D:7      | Found a staircase to the Ecumenical Temple.
  6031 | Temple   | Entered the Ecumenical Temple
  6045 | Temple   | Became a worshipper of Warmaster Okawaru
  6315 | D:3      | Killed Esekla's ghost
  6316 | D:3      | Reached skill level 7 in Fighting
  6425 | D:7      | hm
  6425 | D:7      | eh
  6852 | D:8      | Reached * piety under Okawaru
  7147 | D:8      | Reached skill level 1 in Invocations
  7155 | D:8      | Found a sacrificial altar of Ru.
  7347 | D:9      | Noticed a two-headed ogre
  7353 | D:9      | Killed a two-headed ogre
  7354 | D:9      | Reached skill level 3 in Invocations
  7369 | D:9      | Noticed a kobold demonologist
  7375 | D:9      | a kobold demonologist changed into a golden eye
  7376 | D:9      | ugh
  7382 | D:9      | Noticed a kobold demonologist
  7401 | D:9      | Killed a kobold demonologist
  7404 | D:9      | why
  7445 | D:9      | Reached ** piety under Okawaru
  7450 | D:9      | Reached XP level 11. HP: 84/84 MP: 13/13
  7566 | D:9      | Found a glowing silver altar of Zin.
  7779 | D:9      | Found a white marble altar of Elyvilon.
  7994 | D:9      | Found a snail-covered altar of Cheibriados.
  8285 | D:10     | Entered Level 10 of the Dungeon
  8446 | D:10     | Noticed a two-headed ogre
  8456 | D:10     | Killed a two-headed ogre
  8457 | D:10     | Reached skill level 8 in Fighting
  9292 | D:11     | Noticed a cyan ugly thing
  9294 | D:11     | Killed a cyan ugly thing
  9294 | D:11     | Reached *** piety under Okawaru
  9331 | D:11     | Noticed a cyclops
  9507 | D:11     | Reached skill level 12 in Ranged Weapons
  9527 | D:11     | Noticed Erica
  9545 | D:11     | Killed a cyclops
  9545 | D:11     | Reached **** piety under Okawaru
  9549 | D:11     | Killed Erica
  9579 | D:11     | Found a staircase to the Orcish Mines.
  9596 | D:11     | Noticed Lodul
  9597 | D:11     | why
  9608 | D:11     | Killed Lodul
  9609 | D:11     | Reached skill level 9 in Fighting
  9616 | D:11     | Noticed a manticore
  9638 | D:11     | Killed a manticore
  9638 | D:11     | Reached ***** piety under Okawaru
  9639 | D:11     | Reached XP level 12. HP: 68/95 MP: 14/14
  9674 | D:11     | Reached skill level 3 in Armour
  9880 | D:11     | Found a staircase to the Lair.
  9891 | D:11     | what
 10249 | D:11     | Received a gift from Okawaru
 10519 | D:12     | Noticed a boulder beetle
 10538 | D:12     | Killed a boulder beetle
 10566 | D:12     | Identified the +4 flail of Accidental Termination {flame,
                  | *Rage rN+ Str+4}
 10605 | D:12     | Noticed a two-headed ogre
 10614 | D:12     | Killed a two-headed ogre
 10754 | D:12     | Noticed a boulder beetle
 10756 | D:12     | hm
 10776 | D:12     | Killed a boulder beetle
 11221 | D:7      | Killed Esekla's ghost
 11383 | Lair:1   | Entered Level 1 of the Lair of Beasts
 11451 | Lair:1   | Found a frozen archway.
 11466 | Lair:1   | Received a gift from Okawaru
 11505 | Lair:1   | eh
 11507 | IceCv    | Entered an ice cave
 11512 | IceCv    | feels dubious
 11594 | IceCv    | Reached XP level 13. HP: 101/101 MP: 16/16
 11693 | IceCv    | eh
 11738 | Lair:1   | Noticed Maggie
 11739 | Lair:1   | hi
 11751 | Lair:1   | Killed Maggie
 11775 | Lair:1   | Reached skill level 6 in Invocations
 12730 | Lair:2   | Noticed Nergalle
 12731 | Lair:2   | why
 12799 | Lair:2   | Received a gift from Okawaru
 12824 | Lair:2   | Found a gate leading to a gauntlet.
 12837 | Gauntlet | Entered a Gauntlet
 12837 | Gauntlet | Found a transporter.
 12837 | Gauntlet | Found a transporter.
 12844 | Gauntlet | Found a transporter.
 12860 | Gauntlet | Found a transporter.
 12874 | Gauntlet | Found a transporter.
 12888 | Gauntlet | Found a transporter.
 12905 | Gauntlet | Found a transporter.
 12976 | Gauntlet | Found a transporter.
 12977 | Gauntlet | Found a transporter.
 12986 | Gauntlet | Found a transporter.
 12994 | Gauntlet | Found a transporter.
 12996 | Gauntlet | Found a transporter.
 13011 | Gauntlet | Found a transporter.
 13052 | Gauntlet | Found a transporter.
 13067 | Gauntlet | Found a transporter.
 13081 | Gauntlet | Found a transporter.
 13249 | Gauntlet | hm
 13271 | Gauntlet | Identified the +2 helmet "Emmon" {Rampage rPois}
 13295 | Gauntlet | Noticed a minotaur
 13296 | Gauntlet | hm
 13308 | Gauntlet | Killed a minotaur
 13309 | Gauntlet | Reached skill level 10 in Fighting
 13405 | Lair:2   | Found a blossoming altar of Fedhas.
 13467 | Lair:2   | Reached skill level 9 in Dodging
 13598 | Lair:2   | Found a staircase to the Shoals.
 13712 | Lair:2   | Killed Nergalle
 13804 | Lair:2   | Found a hole to the Spider Nest.
 14200 | Lair:2   | Received a gift from Okawaru
 14232 | Lair:3   | Noticed Josephine
 14609 | Lair:3   | Reached skill level 11 in Fighting
 14838 | Lair:3   | Killed Josephine
 14870 | Lair:3   | Reached ****** piety under Okawaru
 14884 | Lair:3   | Acquired a +1 hand cannon of flaming
 14884 | Lair:3   | Received a gift from Okawaru
 15654 | Lair:4   | Reached XP level 14. HP: 113/113 MP: 18/18
 15654 | Lair:4   | Acquired a N-80 gyrocapacitor {rC+ Regen+ RegenMP+ Slay+3}
 15670 | Lair:4   | Received a gift from Okawaru
 15771 | Lair:4   | Found a viscous altar of Jiyva.
 15773 | Lair:4   | Found a staircase to the Slime Pits.
 16227 | Lair:5   | Entered Level 5 of the Lair of Beasts
 16287 | Lair:5   | Noticed Snorg
 16295 | Lair:5   | Killed Snorg
 16326 | Lair:5   | Received a gift from Okawaru
 16750 | Lair:5   | Reached skill level 15 in Ranged Weapons
 16763 | Lair:5   | Received a gift from Okawaru
 17169 | Lair:5   | Gained mutation: You are agile. (Dex +4, Str/Int -1)
                  | [potion of mutation]
 17169 | Lair:5   | Lost mutation: You are agile. (Dex +4, Str/Int -1) [potion
                  | of mutation]
 17169 | Lair:5   | Gained mutation: You have supernaturally acute eyesight.
                  | (SInv) [potion of mutation]
 17169 | Lair:5   | Gained mutation: Your spells are a little harder to cast,
                  | but a little more powerful. [potion of mutation]
 17189 | Lair:5   | Identified the serpent talisman "Ufof" {rCorr Str+2 Dex-3}
 17385 | Orc:1    | Entered Level 1 of the Orcish Mines
 17599 | Orc:1    | Received a gift from Okawaru
 17622 | Orc:1    | Reached XP level 15. HP: 119/119 MP: 21/21
 17644 | Orc:1    | Found a roughly hewn altar of Beogh.
 17763 | Orc:2    | Entered Level 2 of the Orcish Mines
 17827 | Orc:2    | Found a roughly hewn altar of Beogh.
 17920 | Orc:2    | Paralysed by an orc sorcerer for 5 turns
 17927 | Orc:2    | hm
 17951 | Orc:2    | Found Durrejuu's Antique Armour Emporium.
 18047 | Orc:2    | Found Najehin's Antique Weapon Shoppe.
 18143 | Orc:2    | Noticed an orc warlord
 18152 | Orc:2    | Killed an orc warlord
 18160 | Orc:2    | Found a staircase to the Elven Halls.
 18243 | Orc:1    | Found Tysiag's Assorted Antiques.
 18246 | Orc:1    | Bought a scroll of teleportation for 78 gold pieces
 18487 | Orc:2    | Found an ancient bone altar of Kikubaaqudgha.
 18506 | Orc:2    | Found Uddim's Magic Scroll Shoppe.
 18536 | Orc:2    | Received a gift from Okawaru
 18542 | Orc:2    | Found a radiant altar of Vehumet.
 18558 | Orc:2    | Bought a scroll of blinking for 97 gold pieces
 18558 | Orc:2    | Bought a scroll of teleportation for 39 gold pieces
 18558 | Orc:2    | Bought a scroll of blinking for 97 gold pieces
 18558 | Orc:2    | Bought a scroll of blinking for 97 gold pieces
 18595 | Orc:2    | Found Keghuuk's Distillery.
 18595 | Orc:2    | Found a roughly hewn altar of Beogh.
 18612 | Orc:2    | Lost mutation: You have supernaturally acute eyesight.
                  | (SInv) [potion of mutation]
 18612 | Orc:2    | Lost mutation: Your spells are a little harder to cast, but
                  | a little more powerful. [potion of mutation]
 18612 | Orc:2    | Gained mutation: Your movements are slightly less
                  | encumbered by armour. (ER -2) [potion of mutation]
 18612 | Orc:2    | Gained mutation: You occasionally lose the ability to read
                  | scrolls when taking damage. [potion of mutation]
 18612 | Orc:2    | Gained mutation: You are partially covered in iridescent
                  | scales. (AC +2) [potion of mutation]
 18613 | Orc:2    | Lost mutation: Your movements are slightly less encumbered
                  | by armour. (ER -2) [potion of mutation]
 18613 | Orc:2    | Lost mutation: You are partially covered in iridescent
                  | scales. (AC +2) [potion of mutation]
 18613 | Orc:2    | Gained mutation: You do not regenerate when monsters are
                  | visible. [potion of mutation]
 18613 | Orc:2    | Gained mutation: You have a pair of small horns on your
                  | head. [potion of mutation]
 18613 | Orc:2    | Gained mutation: You are agile. (Dex +4, Str/Int -1)
                  | [potion of mutation]
 18614 | Orc:2    | Bought a potion of mutation for 128 gold pieces
 18614 | Orc:2    | Lost mutation: You do not regenerate when monsters are
                  | visible. [potion of mutation]
 18614 | Orc:2    | Lost mutation: You occasionally lose the ability to read
                  | scrolls when taking damage. [potion of mutation]
 18614 | Orc:2    | Lost mutation: You are agile. (Dex +4, Str/Int -1) [potion
                  | of mutation]
 18614 | Orc:2    | Gained mutation: You are somewhat resistant to further
                  | mutation. [potion of mutation]
 18615 | Orc:2    | meh
 18615 | Orc:2    | Acquired the +1 hat of Generosity {^Contam rF+ Str+5}
 18615 | Orc:2    | Received a gift from Okawaru
 18654 | Orc:2    | Found Gitemm's Book Shoppe.
 18727 | Orc:2    | Bought 3 scrolls of enchant armour for 292 gold pieces
 19216 | D:13     | Found a gate to the Vaults.
 19225 | D:13     | Received a gift from Okawaru
 19281 | D:13     | Reached skill level 18 in Ranged Weapons
 20242 | D:14     | Reached skill level 12 in Fighting
 20323 | D:15     | Entered Level 15 of the Dungeon
 20359 | D:15     | Found Arabir's Armour Boutique.
 20363 | D:15     | Bought a +0 cloak for 72 gold pieces
 20458 | D:15     | Found a portal to a secret trove of treasure.
 20473 | D:15     | Received a gift from Okawaru
 20506 | D:15     | Reached XP level 16. HP: 128/128 MP: 22/22
 20512 | D:15     | Found a staircase to the Depths.
 20686 | D:15     | Found a stormy altar of Qazlal.
 20698 | D:15     | Received a gift from Okawaru
 20809 | D:15     | Reached skill level 13 in Fighting
 21070 | D:15     | Lost mutation: You have a pair of small horns on your head.
                  | [potion of mutation]
 21070 | D:15     | Lost mutation: You are somewhat resistant to further
                  | mutation. [potion of mutation]
 21070 | D:15     | Gained mutation: Your health recovers twice as slowly from
                  | being drained. [potion of mutation]
 21070 | D:15     | Gained mutation: You have hidden genetic potential. [potion
                  | of mutation]
 21071 | D:15     | fine
 21229 | Orc:2    | Bought a runed sling for 135 gold pieces
 21357 | Spider:1 | Entered Level 1 of the Spider Nest
 21366 | Lair:2   | hm
 21558 | Spider:1 | Reached skill level 6 in Armour
 21676 | Spider:1 | Reached skill level 12 in Dodging
 21729 | Spider:1 | Received a gift from Okawaru
 22398 | Spider:2 | meh
 22422 | Spider:2 | Received a gift from Okawaru
 22532 | Spider:2 | Reached skill level 14 in Fighting
 22684 | Spider:2 | Noticed TheMeInTeam's ghost (adept CoHW)
 22685 | Spider:2 | Found a runed translucent gate.
 22685 | Spider:2 | Found a runed translucent gate.
 22685 | Spider:2 | Found a runed translucent gate.
 22967 | Spider:2 | Upgraded the game from 0.32-a0-673-g3729bd50f8 to
                  | 0.32-a0-675-gdc239d62e1
 23122 | Spider:3 | Received a gift from Okawaru
 23123 | Spider:3 | Reached XP level 17. HP: 136/139 MP: 23/23
 23159 | Spider:3 | why
 23164 | Spider:3 | meh
 23232 | Spider:3 | Reached skill level 9 in Invocations
 23322 | Spider:3 | Identified the +11 dagger "Eruix" {flame, +Blink rCorr}
 23427 | Spider:3 | Gained mutation: Your mind is acute. (Int +4, Str/Dex -1)
                  | [hidden potential]
 23513 | Spider:3 | Received a gift from Okawaru
 23695 | Spider:4 | Entered Level 4 of the Spider Nest
 23881 | Spider:4 | Identified the maw talisman "Buwkag" {Will- Int+4 Dex+4}
 23884 | Spider:4 | Noticed Roxanne
 24078 | Spider:4 | Identified the +0 robe of Fortification {rC+ MP+9 Dex+5
                  | Archmagi}
 24162 | Spider:4 | Found a runed translucent gate.
 24163 | Spider:4 | Found a runed translucent gate.
 24164 | Spider:4 | Found a runed translucent gate.
 24167 | Spider:4 | Noticed Qinioff's ghost (adept GrEE)
 24442 | Spider:4 | Killed Roxanne
 24640 | Spider:4 | Received a gift from Okawaru
 24650 | Spider:4 | Noticed Arachne
 24662 | Spider:4 | Killed Arachne
 24876 | Spider:4 | Reached skill level 15 in Fighting
 24996 | Spider:4 | Got a gossamer rune of Zot
 25176 | Spider:4 | hm
 25176 | Spider:4 | eh
 25237 | Spider:4 | why
 25251 | Spider:3 | hm
 25261 | Spider:3 | Killed Qinioff's ghost
 25278 | Spider:4 | Reached XP level 18. HP: 149/149 MP: 25/25
 25329 | Spider:4 | Identified the +2 pair of gloves of Upezxik {rF+ Str+2}
 25346 | Spider:4 | hm
 25548 | Shoals:1 | Entered Level 1 of the Shoals
 25812 | Shoals:1 | Found Heucer's General Store.
 25816 | Shoals:1 | Received a gift from Okawaru
 25829 | Shoals:1 | Found Obbifuem's Vocational Training.
 25842 | Shoals:1 | Gained mutation: You are agile. (Dex +4, Str/Int -1)
                  | [hidden potential]
 25842 | Shoals:1 | Lost mutation: You have hidden genetic potential. [hidden
                  | potential expressed]
 26124 | Shoals:2 | Noticed Louise
 26135 | Shoals:2 | Killed Louise
 26141 | Shoals:2 | Reached skill level 16 in Fighting
 26374 | Shoals:2 | Received a gift from Okawaru
 26405 | Shoals:2 | Found a runed translucent gate.
 26405 | Shoals:2 | Found a runed translucent gate.
 26405 | Shoals:2 | Found a runed translucent gate.
 26446 | Shoals:2 | Found Secam's Assorted Antiques.
 26446 | Shoals:2 | Found an opulent altar of Gozag.
 26448 | Shoals:2 | Noticed Mungiw's ghost (adept MiBe)
 26793 | Shoals:2 | Noticed Ilsuiw
 26807 | Shoals:2 | Killed Ilsuiw
 26830 | Shoals:2 | hm
 26844 | Shoals:2 | Killed Mungiw's ghost
 26846 | Shoals:2 | Reached skill level 15 in Dodging
 26866 | Shoals:2 | Bought a scroll labelled CYONKONU MALUR for 22 gold pieces
 26866 | Shoals:2 | Bought a scroll of brand weapon for 209 gold pieces
 26868 | Shoals:2 | Acquired the +2 hat of the Bear Spirit {Spirit, Bear, *Rage
                  | Will++}
 26868 | Shoals:2 | Found the +2 hat of the Bear Spirit {Spirit, Bear, *Rage
                  | Will++}
 27165 | Shoals:3 | Found a runed translucent door.
 27169 | Shoals:3 | Found a corrupted altar of Lugonu.
 27169 | Shoals:3 | Found a one-way gate to the infinite horrors of the Abyss.
 27181 | Shoals:3 | Identified the +6 war axe of Niacs {freeze, Str+3}
 27379 | Shoals:3 | Received a gift from Okawaru
 27566 | Shoals:4 | Entered Level 4 of the Shoals
 27590 | Shoals:4 | Paralysed by an air elemental for 1 turns
 27635 | Shoals:4 | Reached skill level 17 in Fighting
 27652 | Shoals:4 | Found a hide-covered altar of Uskayaw.
 27652 | Shoals:4 | Identified the serpent talisman of Damp Fun {+Blink rC+
                  | MP+9}
 27652 | Shoals:4 | Noticed Aizul
 27665 | Shoals:4 | Killed Aizul
 27760 | Shoals:4 | Reached XP level 19. HP: 161/161 MP: 26/26
 27776 | Shoals:4 | Paralysed by an air elemental for 1 turns
 27994 | Shoals:4 | Paralysed by an air elemental for 1 turns
 28095 | Shoals:4 | Received a gift from Okawaru
 28131 | Shoals:4 | Identified the +9 hand axe "Ilib" {freeze, rPois rC+}
 28165 | Shoals:4 | Paralysed by an air elemental for 1 turns
 28216 | Shoals:4 | Got a barnacled rune of Zot
 28762 | Elf:1    | Entered Level 1 of the Elven Halls
 28883 | Elf:2    | sigh
 28906 | Elf:2    | Found Hecrin's Weapon Boutique.
 28983 | Elf:2    | Paralysed by an air elemental for 1 turns
 29025 | Elf:2    | Received a gift from Okawaru
 29037 | Elf:2    | Reached skill level 18 in Fighting
 29430 | Elf:1    | Paralysed by an air elemental for 1 turns
 30159 | Elf:2    | Found a runed translucent door.
 30190 | Elf:2    | Found a runed translucent door.
 30344 | Elf:2    | Received a gift from Okawaru
 30421 | Elf:2    | Reached XP level 20. HP: 143/172 MP: 27/27
 30726 | Elf:3    | Entered Level 3 of the Elven Halls
 30747 | Elf:3    | Reached skill level 19 in Fighting
 30801 | Elf:3    | Found Pon Hute's Weapon Emporium.
 31527 | Elf:3    | Received a gift from Okawaru
 31582 | Elf:3    | Reached skill level 18 in Dodging
 31666 | Elf:3    | Received a gift from Okawaru
 31765 | Elf:3    | Identified the +5 eveningstar "Byibusch" {flame, Will++}
 31796 | Elf:3    | Reached skill level 20 in Fighting
 31855 | Elf:3    | Got Mimyav's Lectures on the Vehement Quake
 31868 | Elf:3    | Identified the +12 flail "Iwasiph" {venom, rElec Dex+3
                  | SInv}
 31873 | Elf:3    | Identified the staff "Xisuesk" {rElec rC- Conj Fire Earth}
 32023 | Elf:3    | Got the Papyrus of Unstable Bolts
 32031 | Elf:3    | Got the Cyclopedia of Misfortune
 32097 | Elf:3    | Identified the +1 rapier "Feneatt" {freeze, rN+}
 32346 | Vaults:1 | Entered Level 1 of the Vaults
 32584 | Vaults:1 | Received a gift from Okawaru
 32612 | Vaults:1 | Reached XP level 21. HP: 184/184 MP: 28/28
 33426 | Vaults:2 | Reached skill level 21 in Fighting
 33429 | Vaults:2 | Received a gift from Okawaru
 33438 | Vaults:2 | Found a white marble altar of Elyvilon.
 33534 | Vaults:2 | Found a staircase to the Crypt.
 33562 | Vaults:2 | Received a gift from Okawaru
 34538 | Vaults:3 | Received a gift from Okawaru
 34605 | Vaults:3 | Reached skill level 22 in Fighting
 34620 | Vaults:3 | Reached XP level 22. HP: 173/196 MP: 29/29
 34717 | Vaults:3 | Identified the +7 chain mail of the Akabeko {Will- Int+3
                  | Slay+5}
 34807 | Vaults:3 | Received a gift from Okawaru
 35167 | Vaults:3 | Reached skill level 23 in Fighting
 35520 | Vaults:3 | Received a gift from Okawaru
 35717 | Shoals:1 | Bought a manual of Invocations for 1520 gold pieces
 35927 | Vaults:4 | Noticed Norris
 35936 | Vaults:4 | Killed Norris
 35976 | Vaults:4 | Found a crumbling gateway.
 35982 | Desolati | Entered the Desolation of Salt
 36157 | Desolati | Reached skill level 12 in Invocations
 36343 | Desolati | Received a gift from Okawaru
 36417 | Desolati | Got the Commentary on Glowing Weather
 36423 | Desolati | Got Goco's Textbook on Illusion and Death
 36531 | Desolati | Identified the +5 scale mail of Protective Custody {Fly
                  | rPois}
 36579 | Desolati | Identified the +3 buckler of the Cobbler {rCorr Int+2}
 36617 | Desolati | Identified the +5 scale mail of Xyletule {Int+4}
 36629 | Desolati | Identified the +6 rapier "Rieng" {flame, rPois rC+ Int+3}
 36635 | Desolati | Got Couf's Parchment of the Syncline
 36853 | Vaults:4 | Found Zuiwk's Magic Scroll Boutique.
 36855 | Vaults:4 | Found Fefiadghe's Distillery.
 36861 | Vaults:4 | Bought a scroll of blinking for 157 gold pieces
 36861 | Vaults:4 | Bought a scroll of teleportation for 63 gold pieces
 36861 | Vaults:4 | Bought a scroll of teleportation for 63 gold pieces
 36863 | Vaults:4 | Bought a potion of heal wounds for 110 gold pieces
 36885 | Vaults:4 | Reached XP level 23. HP: 207/207 MP: 33/33
 37003 | Vaults:4 | Noticed Xtahua
 37010 | Vaults:4 | Killed Xtahua
 37010 | Vaults:4 | Received a gift from Okawaru
 37082 | Vaults:4 | Found Tosoreav's Antique Weapon Emporium.
 37190 | Vaults:4 | Reached skill level 15 in Invocations
 37281 | Vaults:4 | Found Ufaebrot's Antique Armour Shop.
 37284 | Vaults:4 | Bought the +4 Cigotuvi's embrace {Corpsefed rMiasma ^Drain
                  | rN+} for 938 gold pieces
 37284 | Vaults:4 | Found the +4 Cigotuvi's embrace {Corpsefed rMiasma ^Drain
                  | rN+}
 37532 | Crypt:1  | Entered Level 1 of the Crypt
 37541 | Crypt:1  | Found a basalt altar of Yredelemnul.
 37669 | Crypt:1  | Reached skill level 9 in Armour
 37738 | Crypt:1  | Received a gift from Okawaru
 38301 | Crypt:2  | Found a basalt altar of Yredelemnul.
 38440 | Crypt:2  | Acquired 563 gold pieces
 38630 | Crypt:3  | Entered Level 3 of the Crypt
 38698 | Crypt:3  | Received a gift from Okawaru
 38713 | Crypt:3  | Noticed a curse toe
 38726 | Crypt:3  | Killed a curse toe
 38863 | Crypt:3  | Noticed a dread lich
 38866 | Crypt:3  | Killed a dread lich
 38871 | Crypt:3  | Noticed a dread lich
 38875 | Crypt:3  | Killed a dread lich
 38875 | Crypt:3  | Received a gift from Okawaru
 39043 | Crypt:3  | Identified the +1 sling of Bexant {heavy, rCorr}
 39200 | Crypt:3  | Reached XP level 24. HP: 209/216 MP: 34/34
 39206 | Crypt:3  | Found a staircase to the Tomb.
 39264 | Crypt:3  | Reached skill level 24 in Fighting
 39748 | Crypt:3  | Identified the staff of the Thirsty Friars {rElec rF- rN+
                  | rCorr Necro Fire}
 39760 | Crypt:3  | Got the Precepts of Red Concussion
 39763 | Crypt:3  | Got the Tome of Arsenical Places
 39769 | Crypt:3  | Identified the ring "Yvaulu" {rN++ EV+5 Dex+3}
 39769 | Crypt:3  | Identified the ring "Maunlaj" {rF+ rN++ Dex+3}
 39769 | Crypt:3  | Identified the ring of Hiuz {rN++ Str+6}
 39770 | Crypt:3  | Identified the +0 chain mail "Giagiff" {rF+}
 39940 | Depths:1 | Entered Level 1 of the Depths
 39982 | Depths:1 | Identified the +1 leather armour "Teqoux" {SInv}
 40051 | Depths:1 | Reached skill level 21 in Dodging
 40068 | Depths:1 | Found a one-way gate leading to the halls of Pandemonium.
 40237 | Depths:1 | Found Xeolusm's Antique Weapon Shop.
 40288 | Depths:1 | Received a gift from Okawaru
 40302 | Depths:1 | Found a gateway to Hell.
 40645 | Depths:2 | Found a one-way gateway to a ziggurat.
 40788 | Depths:2 | Received a gift from Okawaru
 40975 | Depths:2 | Identified the +7 falchion of Reaqet {elec, rN+ Str+4}
 41285 | Depths:3 | Reached skill level 25 in Fighting
 41392 | Depths:3 | Received a gift from Okawaru
 41434 | Depths:3 | Found Caexuit's Book Boutique.
 41434 | Depths:3 | Found Etsitz's Jewellery Shoppe.
 41435 | Depths:3 | Found Arphop's Book Boutique.
 41459 | Depths:3 | Noticed Grunn
 41469 | Depths:3 | Killed Grunn
 42038 | Depths:4 | Entered Level 4 of the Depths
 42045 | Depths:4 | hm
 42050 | Depths:3 | Reached XP level 25. HP: 228/228 MP: 34/34
 42127 | Depths:4 | Received a gift from Okawaru
 42194 | Depths:4 | Acquired the +2 pair of boots of Nemelex Xobeh's Regard
                  | {Dex+4}
 42342 | Depths:4 | Found a gate to the Realm of Zot.
 42382 | Depths:4 | Got a midnight gem with 443 turns to spare
 42551 | Depths:4 | Identified the -1 hat "Puppa" {Harm}
 42711 | Depths:4 | Reached skill level 26 in Fighting
 42715 | Depths:4 | Received a gift from Okawaru
 42797 | Depths:4 | Noticed a juggernaut
 42804 | Depths:4 | Killed a juggernaut
 42832 | Depths:4 | Identified the +1 long sword of Henwytaixy {heavy, Stlth+}
 43163 | Depths:3 | Bought a manual of Ranged Weapons for 1520 gold pieces
 43356 | Vaults:5 | Entered Level 5 of the Vaults
 43629 | Vaults:5 | Noticed an ancient lich
 43637 | Vaults:5 | Killed an ancient lich
 43638 | Vaults:5 | Received a gift from Okawaru
 43688 | Vaults:5 | Noticed a dread lich
 43692 | Vaults:5 | Killed a dread lich
 43693 | Vaults:5 | Reached skill level 27 in Fighting
 43723 | Vaults:5 | Noticed an ancient lich
 43727 | Vaults:5 | Killed an ancient lich
 43728 | Vaults:5 | Reached skill level 12 in Armour
 43735 | Vaults:5 | Reached XP level 26. HP: 242/242 MP: 34/34
 43848 | Vaults:5 | Received a gift from Okawaru
 43862 | Vaults:5 | Identified the +10 dagger of Spite {holy, rF+ rC++ Str-4
                  | Int-2}
 43862 | Vaults:5 | Identified the ring "Mittaycw" {rF+ rC+ rCorr}
 43894 | Vaults:5 | Noticed Jory
 43902 | Vaults:5 | Killed Jory
 43907 | Vaults:5 | Reached skill level 15 in Armour
 43977 | Vaults:5 | Found the +5 Storm Queen's Shield {shock, Fly rElec}
 44016 | Vaults:5 | Identified the +7 falchion "Pejess" {vamp, rPois Int+2
                  | Stlth+}
 44083 | Vaults:5 | Found Paqozido's Magic Scroll Emporium.
 44088 | Vaults:5 | Bought a scroll of enchant weapon for 165 gold pieces
 44095 | Vaults:5 | Found Soiceh's Distillery.
 44099 | Vaults:5 | Found Xoqeaskoef's Distillery.
 44184 | Vaults:5 | Found Jiene's Magic Scroll Shoppe.
 44189 | Vaults:5 | Bought a scroll of teleportation for 57 gold pieces
 44189 | Vaults:5 | Bought a scroll of teleportation for 57 gold pieces
 44327 | Vaults:5 | Received a gift from Okawaru
 44401 | Vaults:5 | Identified the quicksilver dragon scales of Relativism {rC+
                  | Will+ Int+4}
 44444 | Vaults:5 | Identified the +3 great mace of Ogaen {freeze, rElec rC-
                  | Int+2}
 44508 | Vaults:5 | Got a silver rune of Zot
 44634 | Vaults:5 | Identified the +4 scimitar "Zyevep Kits" {flame, rF+ rC-
                  | Will++ Dex+4}
 44646 | Vaults:5 | Bought a potion of haste for 150 gold pieces
 44646 | Vaults:5 | Bought a potion of mutation for 120 gold pieces
 44646 | Vaults:5 | Bought 2 potions of invisibility for 240 gold pieces
 44646 | Vaults:5 | Bought a potion of curing for 45 gold pieces
 44653 | Vaults:5 | Bought a potion of curing for 54 gold pieces
 44653 | Vaults:5 | Bought a potion of resistance for 180 gold pieces
 44653 | Vaults:5 | Bought 2 potions of heal wounds for 180 gold pieces
 44682 | Vaults:4 | Bought a potion of curing for 66 gold pieces
 44682 | Vaults:4 | Bought a potion of curing for 66 gold pieces
 44682 | Vaults:4 | Bought a potion of curing for 66 gold pieces
 44923 | Orc:2    | Bought a potion of enlightenment for 80 gold pieces
 44923 | Orc:2    | Bought a potion of cancellation for 128 gold pieces
 44923 | Orc:2    | Bought a potion of curing for 48 gold pieces
 44923 | Orc:2    | Bought a potion of magic for 128 gold pieces
 45141 | Zot:1    | Entered Level 1 of the Realm of Zot
 45288 | Zot:1    | Noticed an orb of fire
 45290 | Zot:1    | Gained mutation: Your magical capacity is low. (-10% MP)
                  | [an orb of fire]
 45291 | Zot:1    | Gained mutation: Your spells are a little easier to cast,
                  | but a little less powerful. [an orb of fire]
 45301 | Zot:1    | Killed an orb of fire
 45301 | Zot:1    | Received a gift from Okawaru
 45324 | Zot:2    | Noticed an ancient lich
 45332 | Zot:2    | what
 45529 | Zot:3    | Noticed a dread lich
 45540 | Zot:3    | Killed a dread lich
 45540 | Zot:3    | Received a gift from Okawaru
 45560 | Zot:3    | Noticed a dread lich
 45564 | Zot:3    | Killed a dread lich
 45565 | Zot:3    | Reached XP level 27. HP: 224/249 MP: 30/30
 45756 | Zot:5    | Entered Level 5 of the Realm of Zot
 45785 | Zot:5    | Received a gift from Okawaru
 46015 | Zot:5    | Acquired the +6 hand cannon of Baunuw {heavy, Str+5}
 46027 | Zot:5    | Acquired a manual of Armour
 46049 | Zot:5    | Identified the +6 flail "Raisin" {heavy, +Blink Str+4}
 46225 | Zot:5    | Noticed an ancient lich
 46228 | Zot:5    | Killed an ancient lich
 46229 | Zot:5    | Reached skill level 18 in Armour
 46237 | Zot:5    | Noticed an orb of fire
 46243 | Zot:5    | Gained mutation: Your spells are easier to cast, but less
                  | powerful. [an orb of fire]
 46244 | Zot:5    | Killed an orb of fire
 46244 | Zot:5    | Received a gift from Okawaru
 46294 | Zot:5    | Noticed an electric golem
 46298 | Zot:5    | Noticed an orb of fire
 46300 | Zot:5    | Killed an orb of fire
 46305 | Zot:5    | Killed an electric golem
 46324 | Zot:5    | Received a gift from Okawaru
 46333 | Zot:5    | Noticed a dread lich
 46336 | Zot:5    | Killed a dread lich
 46337 | Zot:5    | Noticed a dread lich
 46340 | Zot:5    | Killed a dread lich
 46341 | Zot:5    | Reached skill level 24 in Dodging
 46350 | Zot:5    | Noticed an ancient lich
 46353 | Zot:5    | Killed an ancient lich
 46366 | Zot:5    | Got the Orb of Zot
 46420 | Zot:3    | Noticed Wishyan the pandemonium lord
 46465 | Zot:3    | Received a gift from Okawaru
 46734 | D:11     | Noticed Zod Myrph the pandemonium lord
 46963 | D:$      | Escaped with the Orb!

Levels and vault maps discovered:
D:1:      wheals_arrival_shading, layout_loops_ring, minmay_close_crescents
D:2:      layout_basic, serial_shops, shop, minmay_hedge_maze
D:3:      minmay_door_path, layout_rooms,
          nicolae_uskayaw_murder_on_the_dancefloor,
          mainiacjoe_sewer_entry_somewhere_in_here_2,
          hellmonk_ghost_happy_afterlife, serial_shops, nicolae_shop_rolled_up,
          serial_undead, serial_undead_f, serial_undead_b, serial_undead_e,
          serial_undead_d, serial_undead_d, serial_undead_d, st_stairs_2,
          chequers_serial_rivers_small_a, kennysheep_nub, uniq_sigmund,
          uniq_natasha, uniq_robin
D:4:      layout_loops_ring, kiku_gazebo_garden_becter
D:5:      layout_cave_pools, mainiacjoe_overflow_boulevard,
          grunt_decor_resistance, minmay_joined_circles, uniq_pikel
D:6:      layout_rooms
D:7:      layout_loops_ring, mainiacjoe_overflow_six_doors_small,
          grunt_dithmenos_smoke_and_mirrors, mainiacjoe_overflow_tiny_flanked,
          nicolae_temple_entry_ecumenical, serial_shops, nicolae_shop_crystal,
          biasface_ghost_orc_armoury, minmay_chambers_of_fives
D:8:      layout_loops_corners, nicolae_ru_awakened_eye
D:9:      layout_loops_ring, lemuel_doored_altar, nicolae_elyvilon_temple_path,
          mainiacjoe_overflow_alcove_4
D:10:     layout_stronghold
D:11:     layout_long_grid, due_lair_maze_entry_diamond, erik_orc_4, uniq_lodul,
          uniq_erica
D:12:     layout_irregular_city
D:13:     layout_cave_pools, erik_vaults_2
D:14:     layout_layer_cave, dk_noncrumbling_3, st_stairs_12
D:15:     gammafunk_depths_entry_grave, layout_loops_ring,
          nicolae_trove_entry_crossroad, nicolae_qazlal_style_of_elements,
          serial_shops, shop
Temple:   nicolae_temple_slightly_damp_pantheon
Lair:1:   lemuel_ratsnest, layout_cave_pods, portal_ice_cave_rime, uniq_maggie
Lair:2:   layout_roguey, elwin_shoals_entry_rooms, spider_nest_entry_webs,
          gauntlet_entry_generic, hangedman_tree_tricks, uniq_nergalle
Lair:3:   layout_layer_cave, grunt_megastairs_5, uniq_josephine
Lair:4:   layout_long_grid, slime_entry_1, serial_bayou_shore_b
Lair:5:   guppyfry_lair_end_dragon, layout_regular_city,
          hangedman_lair_in_review, uniq_snorg
Shoals:1: nicolae_shoals_aurelia_aurita, layout_shoals, serial_shops, shop,
          nicolae_shop_vocational
Shoals:2: layout_shoals, ebering_ghost_gozag, uniq_louise, uniq_ilsuiw
Shoals:3: layout_shoals, nicolae_shoals_abyss_on_the_beach
Shoals:4: shoals_end_hellmonk_storm_palace [storm_palace_center_circular,
          storm_palace_corner_pillars, storm_palace_corner_blocked,
          storm_palace_corner_grid, storm_palace_corner_altar], uniq_aizul
Spider:1: layout_spider_delve, nicolae_spider_bzzzt
Spider:2: layout_spider_delve, gammafunk_ghost_split
Spider:3: layout_spider_delve, worms_lemuel
Spider:4: grunt_spider_rune_parallel, gammafunk_ghost_tricky_traps,
          hellmonk_motheaten_closet, uniq_roxanne, uniq_arachne
Orc:1:    layout_diamond_mine, serial_shops, shop, nicolae_orc_sculptors_studio,
          minmay_orc_temple_c
Orc:2:    kennysheep_orc_mage_school, layout_diamond_mine, serial_shops, shop,
          basic_altar
Elf:1:    layout_onion_city, kennysheep_underground_church, wad_dig_loot
Elf:2:    nicolae_elf_blades_splatter_lattice
          [nicolae_blade_entry_splitting_headache], layout_loops_cross,
          serial_shops, nicolae_shop_bloodbath_and_beyond, lemuel_elevator
Elf:3:    nooodl_elf_gasket, layout_onion_city, serial_shops, shop
Vaults:1: nicolae_vaults_rhombus_6, nicolae_vaults_trapezoid_3,
          hangedman_vaults_locks, vaults_mumra_hex,
          nicolae_vaults_little_squares_6, nicolae_vaults_diagonal_hallway_7,
          nicolae_vaults_rhombus_7, hangedman_vaults_corner_blocks,
          nicolae_vaults_trapezoid_3, layout_vaults_big_room
Vaults:2: nicolae_vaults_sightless_eye, ontoclasm_vaults_chip,
          hangedman_vaults_cutoff, lemuel_angel_altar, grunt_vaults_focal,
          special_room_vaults [special_room_orc], vaults_room_fours,
          nicolae_vaults_layer_cake_slice, minmay_orc_keep,
          vaults_room_grunt_arrival_ludios, nicolae_vaults_little_squares_3,
          layout_vaults_omnigrid
Vaults:3: v_misc_4, nicolae_vaults_layer_cake_slice, nicolae_vaults_triangles,
          nicolae_vaults_corridor_and_loot_room,
          ontoclasm_vaults_loading_screen, nicolae_vaults_storage_room_glass,
          nicolae_vaults_theta, vaults_dpeg_hooks,
          nicolae_vaults_trapezoid_lopsided_3, nicolae_vaults_storage_closets_1,
          nicolae_vaults_tetromino_Z_2, hangedman_vaults_stream,
          nicolae_vaults_twisting_passages, ontoclasm_vaults_ligature,
          nicolae_vaults_asterisk, vaults_room_pools, lightli_orcish_oven,
          layout_vaults_maze_bifur
Vaults:4: portal_desolation_entry_ruin, nicolae_vaults_stepped_doors,
          ontoclasm_vaults_loading_screen, hangedman_vaults_pinch,
          nicolae_vaults_specimen_jars, nicolae_vaults_display_case,
          vaults_standard_mumra_enter_the_diamond, hangedman_vaults_stitches,
          v_alt_pattern_3, ontoclasm_vaults_twist, v_misc_8,
          nicolae_vaults_offset_grid_hallway_4, nicolae_vaults_apartment_1,
          layout_vaults_omnibox, serial_shops, nicolae_shop_behind_doors, shop,
          shop, nicolae_shop_gibbet_a_chance, uniq_norris, uniq_xtahua
Vaults:5: uniq_jory
Crypt:1:  layout_regular_city, basic_altar
Crypt:2:  layout_rooms, basic_altar, hex_tiny, st_stairs_7
Crypt:3:  david_glass_crypt, layout_basic, tomb_entry_simple_bobbens,
          nicolae_crypt_ex-fountain
Depths:1: layout_cave_pools, grunt_metal_band, serial_shops, shop_fountains,
          pan_entry, grunt_ministairs_10, minmay_misc_feat_tower,
          amcnicky_mini_corridor_feature, serial_bayou_pond_e,
          kennysheep_four_rooms
Depths:2: kennysheep_blocky_room, layout_cave_shapes, enter_ziggurat_e,
          hangedman_abyss_or_decor_stabs, abyss_entry_glasseish, pf_coc_iceberg,
          pan_entry
Depths:3: gammafunk_mikee_crab_dinner, layout_cave_pools, hell_entry,
          abyss_entry_small_statue_room, nicolae_figureground_pulse,
          minmay_shop_grove, uniq_grunn
Depths:4: hangedman_pleasuredromes, hell_entry
Zot:1:    lemuel_firehouse, layout_concentric_octagons
Zot:2:    layout_cathedral_of_symmetry, lemuel_lich_library
Zot:3:    regret_index_infernal_bastille, layout_onion_interference
Zot:4:    layout_onion_interference, ebering_ghost_inner_flame,
          regret_index_zotdec_barnacled_simple, nicolae_shop_clearance,
          grunt_megastairs_3
Zot:5:    layout_basic

Action                     |  1- 3 |  4- 6 |  7- 9 | 10-12 | 13-15 | 16-18 | 19-21 | 22-24 | 25-27 || total
---------------------------+-------+-------+-------+-------+-------+-------+-------+-------+-------++-------
  Melee: Sling             |       |       |       |     2 |       |       |       |       |       ||     2
   Fire: Sling             |   160 |   154 |   592 |  1302 |  1571 |  1202 |   997 |   350 |       ||  6328
         Hand cannon       |       |       |       |       |   681 |  1202 |   997 |  1774 |  1694 ||  6348
  Throw: Dart              |       |       |       |     3 |     1 |     1 |       |       |       ||     5
 Invoke: Finesse           |       |       |       |       |     6 |    11 |     6 |     8 |    13 ||    44
         Heroism           |       |       |       |       |     2 |    10 |     2 |       |     3 ||    17
         Receive Weapon    |       |       |       |       |     1 |       |       |       |       ||     1
         Receive Armour    |       |       |       |       |     1 |       |       |       |       ||     1
Ability: Invent Gizmo      |       |       |       |       |     1 |       |       |       |       ||     1
  Evoke: Wand              |       |       |     7 |    32 |     7 |     8 |     2 |     2 |     5 ||    63
         Phial of floods   |       |       |       |       |       |     1 |       |       |       ||     1
    Use: Scroll            |     2 |     9 |     7 |    11 |    11 |     9 |     6 |     4 |    20 ||    79
         Potion            |       |       |       |       |     4 |     8 |       |     2 |     8 ||    22
 Armour: Leather armour    |    20 |    32 |       |       |       |       |       |   143 |   145 ||   340
         Troll leather arm |       |     2 |    34 |   157 |   163 |   339 |       |       |       ||   695
         Robe              |       |       |       |       |       |    35 |   111 |    45 |       ||   191
  Dodge: Dodged            |    18 |    40 |    68 |   206 |   210 |   583 |   236 |   595 |   437 ||  2393
